 Dungeon Crawl Stone Soup version 0.20-a0-647-gf178af5 (webtiles) character file.

3096 nono the Chiller (level 10, -5/68 HPs)
             Began as a Human Ice Elementalist on Feb 15, 2017.
             Was an Elder of Okawaru.
             Shot with an arrow by a centaur warrior (19 damage)
             ... on level 9 of the Dungeon.
             The game lasted 00:48:23 (13201 turns).

nono the Chiller (Human Ice Elementalist)          Turns: 13201, Time: 00:48:24

Health: -5/68      AC:  5    Str: 10    XL:     10   Next: 13%
Magic:  11/20      EV: 13    Int: 17    God:    Okawaru [****..]
Gold:   494        SH:  0    Dex: 14    Spells: 11/22 levels left

rFire    . . .     SeeInvis +   k - +1 dagger (drain)
rCold    . . .     Gourm    .   a - +0 robe
rNeg     . . .     Faith    +   (no shield)
rPois    .         Spirit   .   (no helmet)
rElec    .         Reflect  .   f - +1 cloak
rCorr    .         Harm     .   (no gloves)
MR       +....                  w - +0 pair of boots
Stlth    ++........             T - amulet of faith
Regen    0.3/turn               z - ring of protection from magic (curse)
MPRegen  0.2/turn               N - ring of see invisible

@: no status effects
A: no striking features
a: Heroism, Renounce Religion


You were on level 9 of the Dungeon.
You worshipped Okawaru.
Okawaru was greatly pleased with you.
You were not hungry.

You visited 1 branch of the dungeon, and saw 9 of its levels.
You also visited: Sewer.

You collected 494 gold pieces.

Inventory:

Hand Weapons
 i - a +0 short sword
 k - a +1 dagger of draining (weapon)
 O - a +3 scimitar
Missiles
 j - 276 stones (quivered)
Armour
 a - a +0 robe (worn)
 f - a +1 cloak (worn)
 t - a +0 chain mail of positive energy
 w - a +0 pair of boots (worn)
 y - a cursed +0 ring mail
 D - a +0 shield
 I - a +0 leather armour
 Y - a +2 ring mail of poison resistance
Jewellery
 r - an uncursed ring of positive energy
 z - a cursed ring of protection from magic (right hand)
 J - an uncursed ring of protection from magic
 M - an uncursed ring of fire
 N - a ring of see invisible (left hand)
 T - an amulet of faith (around neck)
Wands
 P - a wand of polymorph (8/24)
 S - a wand of lightning (6/15)
 Z - a wand of digging (13/24)
Scrolls
 g - a scroll of identify
 h - a scroll of fog {unknown}
 l - 6 scrolls of teleportation
 n - 2 scrolls of magic mapping
 o - a scroll of blinking {unknown}
 q - 2 scrolls of recharging {unknown}
 v - 2 scrolls of remove curse {unknown}
 A - 2 scrolls of torment
 F - 2 scrolls of random uselessness {unknown}
 H - a scroll of immolation {unknown}
 K - 2 scrolls of fear {unknown}
Potions
 e - a potion of flight
 m - 11 potions of curing
 p - a potion of ambrosia {unknown}
 s - 3 potions of brilliance {unknown}
 u - 3 potions of lignification
 x - a potion of invisibility
 B - 6 potions of heal wounds {unknown}
 C - a potion of agility {unknown}
 E - a potion of berserk rage {unknown}
 G - 2 potions of haste {unknown}
 Q - a potion of mutation {unknown}
 R - a potion of magic {unknown}
 W - a potion of might {unknown}
Books
 b - a book of Frost

   Spells                             Type                      Level
   a - Freeze                         Ice                          1
   b - Throw Frost                    Conjuration/Ice              2
   c - Ozocubu's Armour               Charms/Ice                   3
   d - Throw Icicle                   Conjuration/Ice              4
   e - Summon Ice Beast               Ice/Summoning                4
 L - a book of Conjurations

   Spells                             Type                      Level
   a - Magic Dart                     Conjuration                  1
   b - Searing Ray                    Conjuration                  2
   c - Dazzling Spray                 Conjuration/Hexes            3
   d - Fulminant Prism                Conjuration/Hexes            4
   e - Force Lance                    Conjuration/Translocation    4
   f - Iskenderun's Mystic Blast      Conjuration                  4
 U - Cowed's Grimoire of the Frostbite and Attacks
   (You found it on level 8 of the Dungeon)

   Spells                             Type                      Level
   a - Stone Arrow                    Conjuration/Earth            3
   b - Summon Ice Beast               Ice/Summoning                4
   c - Venom Bolt                     Conjuration/Poison           5
Comestibles
 c - 7 bread rations
 d - 2 royal jellies
 V - 2 meat rations


   Skills:
 - Level 2.4 Fighting
 + Level 3.9 Armour
 - Level 3.5 Dodging
 - Level 2.0 Stealth
 - Level 6.7 Spellcasting
 - Level 2.7 Conjurations
 - Level 6.9 Summonings
 - Level 7.0 Ice Magic


You had 11 spell levels left.
You knew the following spells:

 Your Spells              Type           Power        Failure   Level  Hunger
a - Freeze                Ice            ####         1%          1    None
b - Throw Frost           Conj/Ice       ###...       2%          2    None
c - Summon Ice Beast      Ice/Summ       ####....     10%         4    ####...
d - Throw Icicle          Conj/Ice       ###.....     17%         4    ####...


Dungeon Overview and Level Annotations

Branches:
Dungeon (9/15)             Temple (0/1) D:7
   Lair: D:8-11         Orc: D:9-12

Altars:
Nemelex Xobeh
Okawaru
Trog
Uskayaw
Xom
Yredelemnul
The Shining One


Message History

Aim: an adder (almost dead)
The puff of frost hits the adder.
You kill the adder!
Okawaru accepts your kill.
The centaur warrior shouts!
The centaur warrior wields a shortbow.
The centaur warrior shoots an arrow.
The arrow hits you.
The centaur warrior shoots an arrow.
The arrow hits you!
You see here an arrow.
Casting: Throw Frost
Confirm with . or Enter, or press ? or * to list all spells.
A chill wind blows around you.
You swap places.
The centaur warrior shoots an arrow.
The arrow hits your ice beast!
The centaur warrior shoots an arrow.
The arrow barely misses your ice beast. The arrow hits you!!
* * * LOW HITPOINT WARNING * * *
You see here an arrow.
The centaur warrior shoots an arrow.
The arrow hits you!!
You die...

#..##...# #.......# .#
#..##...# ##.####)## #
#.......###....<...####.#
#####.....†..##.........#
#######..#.......####
#†.†.......# #.)........#
#........### ###@##...#
#(..##### #Y..# #(..#
#...# #.#####().######
#....†c(.......#
c.[.............
##.............#


You could see a centaur warrior and a friendly ice beast.

Vanquished Creatures
  A water moccasin (D:6)
  An ice beast (D:7)
  An eye of draining (D:9)
  2 ogres
  A centaur (D:5)
  2 wights (D:6)
  A howler monkey (D:5)
  2 crimson imps (D:7)
  A bullfrog skeleton (D:6)
  2 centaur skeletons
  3 hounds
  8 worker ants
  2 orc wizards
  A howler monkey skeleton (D:7)
  14 adders
  2 shadow imps (D:5)
  5 oozes
  2 adder skeletons
  5 worms
  2 dart slugs
  5 leopard geckos
  20 orcs
  4 ball pythons
  8 bats
  11 giant cockroaches
  4 goblins
  5 hobgoblins
  10 jackals
  22 kobolds
  4 quokkas
  5 frilled lizards
  A leopard gecko zombie (D:5)
  A quokka skeleton (D:7)
  8 rats
166 creatures vanquished.

Vanquished Creatures (collateral kills)
  A gargoyle (D:8)
  2 hippogriffs
  Sigmund (D:6)
  An orc warrior (D:9)
  A sky beast (D:6)
  A necrophage (D:6)
  A phantom (D:7)
  An ice beast (D:6)
  4 ogres
  2 centaurs
  2 bullfrogs
  2 scorpions
  7 wights (D:6)
  6 killer bees (D:9)
  A crimson imp (D:6)
  2 centaur zombies
  A bullfrog zombie (D:6)
  2 hounds
  7 orc wizards
  5 orc priests
  A centaur skeleton (D:6)
  5 worker ants
  A hound skeleton (D:7)
  A gnoll (D:6)
  An adder zombie (D:7)
  17 orcs
  2 goblins (D:6)
  A kobold (D:6)
79 creatures vanquished.

Grand Total: 245 creatures vanquished

Notes
Turn   | Place    | Note
-------+----------+-------------------------------------------
     0 | D:1      | nono the Human Ice Elementalist began the quest for the Orb.
     0 | D:1      | Reached XP level 1. HP: 13/13 MP: 3/3
   346 | D:1      | Reached XP level 2. HP: 17/19 MP: 1/5
   784 | D:2      | Reached XP level 3. HP: 16/24 MP: 5/7
  1360 | D:2      | Learned a level 2 spell: Throw Frost
  1377 | D:2      | Reached XP level 4. HP: 30/30 MP: 1/8
  2091 | D:3      | Learned a level 4 spell: Summon Ice Beast
  2365 | D:3      | Reached skill level 1 in Summonings
  2441 | D:3      | Reached XP level 5. HP: 31/35 MP: 4/10
  2757 | D:4      | Found a glowing drain.
  2847 | Sewer    | Entered a sewer
  3220 | Sewer    | Reached XP level 6. HP: 23/41 MP: 5/11
  3840 | D:4      | Noticed an ogre
  3852 | D:4      | Killed an ogre
  3852 | D:4      | Reached skill level 4 in Ice Magic
  4345 | D:4      | Reached XP level 7. HP: 46/46 MP: 2/13
  4583 | D:5      | Entered Level 5 of the Dungeon
  4842 | D:5      | Found a bloodstained altar of Trog.
  5409 | D:5      | Found a glowing golden altar of the Shining One.
  6090 | D:5      | Reached skill level 5 in Ice Magic
  6598 | D:6      | Noticed a water moccasin
  6606 | D:6      | Reached XP level 8. HP: 49/52 MP: 6/15
  6626 | D:6      | Reached skill level 5 in Spellcasting
  6839 | D:6      | Reached skill level 5 in Summonings
  7632 | D:6      | Found an iron altar of Okawaru.
  7674 | D:6      | Became a worshipper of Warmaster Okawaru
  7915 | D:6      | Reached * piety under Okawaru
  8462 | D:6      | Reached skill level 6 in Ice Magic
  8670 | D:7      | Noticed a hippogriff
  8678 | D:7      | Killed a hippogriff
  8929 | D:7      | Found a staircase to the Ecumenical Temple.
  9012 | D:7      | Reached XP level 9. HP: 38/57 MP: 5/18
  9393 | D:7      | Reached ** piety under Okawaru
 10023 | D:6      | Reached skill level 7 in Ice Magic
 10230 | D:6      | Noticed Sigmund
 10633 | D:8      | Learned a level 4 spell: Throw Icicle
 10707 | D:8      | Found a sparkling altar of Nemelex Xobeh.
 10738 | D:8      | Noticed a gargoyle
 11017 | D:8      | Killed a gargoyle
 11017 | D:8      | Reached skill level 1 in Fighting
 11072 | D:8      | Noticed a hippogriff
 11086 | D:8      | Killed a hippogriff
 11086 | D:8      | Reached *** piety under Okawaru
 11181 | D:8      | Found a basalt altar of Yredelemnul.
 11228 | D:8      | Identified Cowed's Grimoire of the Frostbite and Attacks
 11524 | D:7      | Found a hide-covered altar of Uskayaw.
 11524 | D:7      | Found a shimmering altar of Xom.
 12467 | D:6      | Killed Sigmund
 12803 | D:9      | Reached skill level 1 in Armour
 12948 | D:9      | Reached **** piety under Okawaru
 12948 | D:9      | Reached XP level 10. HP: 39/68 MP: 12/20
 13194 | D:9      | Noticed a centaur warrior
 13201 | D:9      | Shot with an arrow by a centaur warrior

Vault maps used:
D:1:      minmay_arrival_radiant_lines, minivault_14
D:3:      first_bread, minmay_misc_feat_enclosed, moated_statue
D:4:      gup_sewer_entry_glass, minmay_door_square
D:5:      kennysheep_mini, serial_column_ruins, column_ruins_grid_1,
          column_ruins_grid_4, column_ruins_open_tiny,
          column_ruins_corridor_straight, column_ruins_corridor_straight,
          basic_altar
D:6:      okawaru_altar_gauntlet_db, uniq_sigmund
D:7:      wad_crossroads, amethyst_overflow_temple_binary, temple_hall_moat,
          grunt_ogre_cave
D:8:      old_standard_altar, basic_altar
D:9:      nicolae_overflow_crystal_walls, lemuel_centaur_altar
Sewer:    kennysheep_pipe_town

Skill      XL: |  1  2  3  4  5  6  7  8  9 10 |
---------------+-------------------------------+-----
Spellcasting   | 3 4 6 |  6.7
Summonings     | 1 3 4 6 |  6.9
Ice Magic      | 4 5 6 7 |  7.0
Fighting       | 2 |  2.4
Conjurations   | 2 |  2.7
Dodging        | 3 |  3.5
Armour         | 1 3 |  3.9
Stealth        | |  2.0

Action                   |  1- 3 |  4- 6 |  7- 9 | 10-12 || total
-------------------------+-------+-------+-------+-------++-------
Melee: Short sword       |     2 |       |       |       ||     2
       Unarmed           |     1 |       |       |       ||     1
       Dagger            |    73 |   172 |   368 |    60 ||   673
Throw: Stone             |    26 |       |     3 |       ||    29
 Cast: Freeze            |    23 |    21 |    20 |       ||    64
       Throw Frost       |     2 |    52 |    71 |     3 ||   128
       Summon Ice Beast  |       |     2 |   101 |     5 ||   108
  Use: Scroll            |       |     1 |     5 |       ||     6
       Potion            |       |     1 |     2 |       ||     3
 Stab: Sleeping          |     3 |     2 |     3 |       ||     8
       Distracted        |       |       |     1 |       ||     1
  Eat: Chunk             |     2 |    12 |    35 |     2 ||    51
       Meat ration       |       |       |     1 |       ||     1
       Bread ration      |       |       |     1 |       ||     1
Armor: Robe              |    25 |    71 |   100 |    16 ||   212
Dodge: Dodged            |    60 |   152 |   248 |    47 ||   507
